 Dungeon Crawl Stone Soup version 0.28.0-62-gf88900778d (webtiles) character file.

Game seed: 14259848314513969619

7 cbfl8 the Skirmisher (level 1, -1/20 HPs)
             Began as a Minotaur Fighter on June 30, 2023.
             Succumbed to a goblin's poison
             ... on level 1 of the Dungeon.
             The game lasted 00:00:28 (261 turns).

cbfl8 the Skirmisher (Minotaur Fighter)              Turns: 261, Time: 00:00:29

Health: -1/20      AC:  7    Str: 20    XL:     1   Next: 83%
Magic:  0/0        EV:  9    Int:  5    God:
Gold:   0          SH:  4    Dex:  9    Spells: 0/0 levels left

rFire   . . .      SeeInvis .   a - +0 war axe
rCold   . . .      Faith    .   c - +0 buckler
rNeg    . . .      Spirit   .   b - +0 scale mail
rPois   .          Reflect  .   (helmet restricted)
rElec   .          Harm     .   (no cloak)
rCorr   .          Rampage  .   (no gloves)
Will    .....                   (no boots)
Stlth   ..........              (no amulet)
HPRegen 0.06/turn               (no ring)
MPRegen 0.07/turn               (no ring)

@: mighty, lethally poisoned (-1 -> -10)
A: horns 2, retaliatory headbutt
a: no special abilities


You were on level 1 of the Dungeon.
You visited 1 branch of the dungeon, and saw 1 of its levels.

Inventory:

Hand Weapons
 a - a +0 war axe (weapon)
Armour
 b - a +0 scale mail (worn)
 c - a +0 buckler (worn)


   Skills:
 + Level 3.7 Fighting
 * Level 2.5 Axes
 + Level 3.7 Armour
 * Level 0.3 Dodging
 * Level 0.1 Stealth
 + Level 3.7 Shields
 * Level 0.2 Invocations
 * Level 0.1 Evocations


You couldn't memorise any spells.
You didn't know any spells.
Your spell library was empty.

Dungeon Overview and Level Annotations

Branches:
Dungeon (1/15)

Altars:


Innate Abilities, Weirdness & Mutations

You have a pair of horns on your head.
You reflexively headbutt those who attack you in melee.


Message History

There is a lethal amount of poison in your body!
You closely miss the goblin. Your headbutt misses the goblin.
You feel very sick. The goblin barely misses you.
There is a lethal amount of poison in your body!
You are too injured to fight recklessly!
Sorry, you're not good enough to have a special ability.
It was a potion of heal wounds.
You feel much better.
You feel sick. The goblin hits you but does no damage.
You are more poisoned.
You closely miss the goblin. Your headbutt misses the goblin.
You feel very sick. The goblin hits you but does no damage.
The goblin hits you with a +0 dagger of venom.
You are more poisoned.
You slash the goblin!
You kill the goblin!
* * * LOW HITPOINT WARNING * * *
You feel very sick.
There is a lethal amount of poison in your body!
There is a lethal amount of poison in your body!
You feel very mighty all of a sudden.
* * * LOW HITPOINT WARNING * * *
You feel very sick.
Blink to where?
Press: ? - help, Dir - move target, f - you Are you sure you want to cancel this blink?
Blink to where?
Press: ? - help, Dir - move target You can't see that place. [the floor.] Are you sure you want to cancel this blink? [Y]es or [N]o only, please.
Are you sure you want to cancel this blink?
Okay, then.
As you read the scroll labelled IRUAMP OMNI, it crumbles to dust.
It was a scroll of blinking.
* * * LOW HITPOINT WARNING * * *
You feel sick.
You die...

#. #.#.########.### ###
#.#.......##.#.# #..#.
.....)...............
#.......##.#.#......
#.......##.#.)......
#####.......##.#@#...#.#
#........)..##.#.#.....#
#.####......##......#
............####.##.####
#.####.##...............
#.# #..#.######.##.####
..#####.#.#...........#
........#.#.#..#.##.#.#
..#####...#.#..#.##.#.#


There were no monsters in sight!

Vanquished Creatures
  A ball python (D:1)
  2 goblins (D:1)
  A kobold (D:1)
  A quokka (D:1)
5 creatures vanquished.

Notes
Turn   | Place    | Note
-------+----------+-------------------------------------------
     0 | D:1      | cbfl8 the Minotaur Fighter began the quest for the Orb.
     0 | D:1      | Reached XP level 1. HP: 19/19 MP: 0/0
   260 | D:1      | HP: 1/20 [poisoned by a goblin]
   261 | D:1      | Succumbed to a goblin's poison

Illustrated notes

Levels and vault maps discovered:
D:1:      dpeg_arrival_windows_large_door, layout_basic,
          hellmonk_ecumenical_altar_pennies_from_heaven

Action                   || total
-------------------------++-------
Melee: War axe           ||    14
       Headbutt          ||     2
  Use: Potion            ||     2
       Scroll            ||     1
Armor: Scale mail        ||     8
Dodge: Dodged            ||     4
Block: Buckler           ||     3
